Unix NetHack Version 5.0.0-0 post-release - last build Jul 14 2026 02:55:29 (1809b74e8187c3a3585e283601c3028b46cbbdcb,branch:main).

Game began 2026-06-02 04:32:22, ended 2026-07-14 18:16:10.

Koku, neutral female gnomish Wizard

                              ----                    ---
                         ---  |>.----                 |.*--
                         |..---...|.--                |....-------
                         |...........|                   ........
                 ------  ---........---------           ---....)-
                 |....------.....................-    ---.|.-...|
                --..-................---------        |.........----
                |......-----........-|                |............--
                |......--- |.........|              -------.-#......|
                |........| --.......--           |...........#......---
   ------       ----.....| --.......|            ---  ------..........|
  --.|..|         ---....| |........--                   ---..........|
  |.....---       |......| |.........------              |..^........--
  --......----    |.--..-- ---.|......--..|              |.....<....-|
   |......^..-- --|.|----    ----.........--             |...........--
   |....@a%|..---.|.|          --..........-             --...........|
   -...f...--..|....|          |........`|..|             -..........--
  -.........--......|          |...--------.|          ......---....--
 |........l..|---...|          --..|       --        |.....--- --....|
 --.|.--..|.--  --..|           ----                 ---..-     ---.--
  -----------    ----                                  ---        ---
Koku the Conjurer         St:13 Dx:14 Co:16 In:13 Wi:11 Ch:12  Neutral
Dlvl:5  $:33 HP:0(34) Pw:24(49) AC:8  Xp:5 T:3438  Burdened

Latest messages:
 You fail to cast the spell correctly.
 You fail to cast the spell correctly.
 What do you want to read? [klqruIL or ?*] r
 You know "chain lightning" quite well already.
 Refresh your memory anyway? [yn] (n) y
 This spellbook is difficult to comprehend.  Continue? [yn] (n) y
 You begin to memorize the runes.
 Your knowledge of "chain lightning" is keener.
 What do you want to read? [klqruIL or ?*] l
 You know "clairvoyance" quite well already.
 Refresh your memory anyway? [yn] (n) y
 This spellbook is difficult to comprehend.  Continue? [yn] (n) y
 You begin to memorize the runes.
 Your knowledge of "clairvoyance" is keener.
 What do you want to read? [klqruIL or ?*] k
 You know "force bolt" quite well already.
 Refresh your memory anyway? [yn] (n) y
 You begin to memorize the runes.
 You stop studying.
 What do you want to read? [klqruIL or ?*] k
 You know "force bolt" quite well already.
 Refresh your memory anyway? [yn] (n) y
 You begin to memorize the runes.
 The giant ant bites!
 You stop studying.
 The giant ant bites!
 You miss the giant ant.
 The giant ant bites!
 The giant ant bites!
 You hit the giant ant.
 The giant ant bites!
 In what direction? 6
 The spell hits the giant ant!
 The spell hits the giant ant!
 You kill the giant ant!
 The giant ant bites!
 The giant ant bites!
 The giant ant bites!
 The giant ant bites!
 You miss the giant ant.
 The giant ant bites!
 The giant ant bites!
 You miss the giant ant.
 The giant ant bites!
 You die...
 Do you want your possessions identified? [ynq] (y) y
 Do you want to see your attributes? [ynq] (y) y
 Do you want an account of creatures vanquished? [ynaq] (y) y
 Do you want to see your conduct and achievements? [ynq] (y) y
 Do you want to see the dungeon overview? [ynq] (y) y

Inventory:
 Coins    ('$')
  $ - 33 gold pieces
 Amulets  ('"')
  B - an uncursed amulet of reflection named 56 (being worn)
 Weapons  (')')
  Z - a +0 dagger
  T - a +0 elven dagger
  V - a blessed +1 knife
  U - 2 +0 knives
  N - a cursed -1 silver dagger (weapon in right hand)
  a - a blessed +1 quarterstaff
 Armor    ('[')
  p - an uncursed +0 orcish helm (being worn)
  o - an uncursed +0 cloak of invisibility
  b - an uncursed +0 cloak of magic resistance (being worn)
  S - an uncursed +0 elven mithril-coat
 Scrolls  ('?')
  q - 2 uncursed scrolls of enchant armor
  L - an uncursed scroll of enchant weapon
  u - an uncursed scroll of fire
  I - a blessed scroll of teleportation
 Spellbooks  ('+')
  r - an uncursed spellbook of chain lightning
  l - an uncursed spellbook of clairvoyance
  k - a blessed spellbook of force bolt
 Potions  ('!')
  x - an uncursed potion of healing
  M - an uncursed potion of levitation
  O - a cursed potion of object detection
  D - an uncursed potion of restore ability
  f - an uncursed potion of sickness
  g - a potion of holy water
 Rings    ('=')
  G - a cursed ring of aggravate monster
  e - an uncursed ring of cold resistance
  j - an uncursed ring of cold resistance
  Y - an uncursed ring of levitation
  d - an uncursed ring of regeneration
  F - an uncursed ring of see invisible
 Wands    ('/')
  A - a wand of create monster (0:12)
  z - a wand of magic missile (0:8)
  s - a wand of polymorph (0:7)
  c - a wand of secret door detection (0:13)
 Tools    ('(')
  t - an uncursed wooden harp
  y - an uncursed bell
  J - an uncursed lock pick
  W - a magic marker (0:58)
  m - a magic marker (0:10)
  P - an uncursed mirror
  C - a +0 pick-axe
  E - an uncursed stethoscope
 Gems/Stones  ('*')
  K - 2 uncursed amethyst stones
  i - 2 uncursed rubies
  X - an uncursed worthless piece of black glass
  n - 5 uncursed worthless pieces of green glass
  h - an uncursed worthless piece of white glass

Koku the Wizard's attributes:

Background:
 You were a Conjurer, a level 5 female gnomish Wizard.
 You were neutral, on a mission for Thoth
 who was opposed by Ptah (lawful) and Anhur (chaotic).
 You were right-handed.
 You were in the Gnomish Mines, on level 5.
 You entered the dungeon 3438 turns ago.
 There was a new moon in effect when your adventure ended.
 You had 288 experience points, 32 more were needed to attain level 6.

Basics:
 You had 0 out of 34 hit points.
 You had 24 out of 49 energy points (spell power).
 Your armor class was 8.
 Your wallet contained 33 zorkmids.
 Autopickup was off.

Final Characteristics:
 Your strength was 13 (limit:18/50).
 Your dexterity was 14 (limit:18).
 Your constitution was 16 (limit:18).
 Your intelligence was 13 (limit:19).
 Your wisdom was 11 (limit:18).
 Your charisma was 12 (limit:18).

Final Status:
 You weren't hungry.
 You were burdened; movement was slightly slowed.
 You were wielding a dagger.
 You were unskilled in dagger.

Final Attributes:
 You were piously aligned.
 You were magic-protected.
 You were poison resistant.
 You had infravision.
 You were warded.
 You had reflection.
 You are dead.

Miscellaneous:
 You didn't encounter any bones levels.
 Total elapsed playing time was 29 minutes and 5 seconds.

Major events:
 Turn
    1: Koku the neutral female gnomish Wizard entered the dungeon
 1038: attained the rank of Conjurer (level 3)
 1674: entered the Gnomish Mines
 3438: killed by a giant ant

Spells:
 Name                 Level Category     Fail Retention
 force bolt             1   attack        14%   81%-90%
 chain lightning        2   attack        14%  91%-100%
 clairvoyance           3   divination   100%  76%-100%

Skills:
 Fighting Skills
   bare handed combat [Unskilled]
   riding             [Unskilled]
 Weapon Skills
   dagger             [Unskilled]
   knife              [Unskilled]
   axe                [Unskilled]
   short sword        [Unskilled]
   club               [Unskilled]
   mace               [Unskilled]
   quarterstaff       [Basic]
   polearms           [Unskilled]
   spear              [Unskilled]
   trident            [Unskilled]
   sling              [Unskilled]
   dart               [Unskilled]
   shuriken           [Unskilled]
 Spellcasting Skills
   attack spells      [Basic]
   healing spells     [Unskilled]
   divination spells  [Unskilled]
   enchantment spells [Basic]
   clerical spells    [Unskilled]
   escape spells      [Unskilled]
   matter spells      [Unskilled]

Voluntary challenges:
 Character rerolling was not enabled.
 You never genocided any monsters.
 You never polymorphed an object.
 You never changed form.
 You used no wishes.
Achievements:
 You attained the rank of Conjurer.
 You entered a shop.
 You entered the Gnomish Mines.

 The Dungeons of Doom: levels 1 to 5
    Level 1: "there's a hole..."
    Level 2:
    Level 3:
    Level 4:
       A ring shop, a grave.
       Stairs down to The Gnomish Mines.
    Level 5:
 The Gnomish Mines: levels 5 to 6
    Level 5: <- You were here.
       Final resting place for
          you, killed by a giant ant.
    Level 6:


Vanquished creatures:
  a wood nymph
  4 Mordor orcs
  a rock mole
  a pony
  a yellow light
  a shrieker
  a violet fungus
  a gnomish wizard
  a gray ooze
  2 giant ants
  2 floating eyes
  2 dwarves
  6 hill orcs
  2 rothes
  a rabid rat
  a centipede
  2 giant bats
  a monkey
  3 iguanas
  4 coyotes
  2 gas spores
  a hobbit
  a large kobold
  a hobgoblin
  4 giant rats
  6 cave spiders
  a green mold
  2 red molds
  4 gnomes
  3 geckos
  5 jackals
  a kobold
  4 goblins
  5 sewer rats
  a grid bug
  a bat
  4 lichens
  6 newts
90 creatures vanquished.

No species were genocided or became extinct.

Game over:
                       ----------
                      /          \
                     /    REST    \
                    /      IN      \
                   /     PEACE      \
                  /                  \
                  |       Koku       |
                  |      33 Au       |
                  |   killed by a    |
                  |    giant ant     |
                  |                  |
                  |                  |
                  |       2026       |
                 *|     *  *  *      | *
        _________)/\\_//(\/(/\)/\//\/|_)_______

Goodbye Koku the Wizard...

You died in The Gnomish Mines on dungeon level 5 with 1432 points,
and 33 pieces of gold, after 3438 moves.
You were level 5 with a maximum of 34 hit points when you died.

